 Dungeon Crawl Stone Soup version 0.30.1-11-g7821555f0a (webtiles) character file.

Game seed: 11886064888394141767

21 comborobin the Sneak (level 2, -1/24 HPs)
             Began as a Merfolk Delver on Dec 24, 2023.
             Slain by an iguana (12 damage)
             ... on level 3 of the Dungeon.
             The game lasted 00:00:46 (290 turns).

comborobin the Sneak (Merfolk Delver)                Turns: 290, Time: 00:00:47

Health: -1/24      AC:  3    Str: 12    XL:     2   Next: 83%
Magic:  2/2        EV: 12    Int:  9    God:
Gold:   35         SH:  0    Dex: 15    Spells: 1/1 levels left

rFire   . . .        a - +0 falchion
rCold   . . .        (no shield)
rNeg    . . .        b - +0 leather armour
rPois   .            (no helmet)
rElec   .            (no cloak)
rCorr   .            (no gloves)
SInv    .            (no boots)
Will    .....        (no amulet)
Stlth   +++          (no ring)
HPRegen 0.24/turn    (no ring)
MPRegen 0.08/turn

%: no passive effects
@: no status effects
A: (nimble swimmer 2), mertail
a: no special abilities


You were on level 3 of the Dungeon.
You visited 1 branch of the dungeon, and saw 3 of its levels.

You collected 35 gold pieces.

Inventory:

Hand Weapons
 a - a +0 falchion (weapon)
Armour
 b - a +0 leather armour (worn)
Jewellery
 i - a ring of positive energy
Wands
 g - a wand of digging (2)
Scrolls
 c - a scroll of fog
 e - a scroll of fear
 h - a scroll of immolation {unknown}


   Skills:
 - Level 3.2 Fighting
 + Level 4.0 Long Blades
 - Level 2.6 Dodging
 - Level 5.4 Stealth


You had one spell level left.
You didn't know any spells.
Your spell library was empty.

Dungeon Overview and Level Annotations

Branches:
Dungeon (5/15)
 Temple: D:4-7

Altars:


Innate Abilities, Weirdness & Mutations

((You are very nimble when in or above water. (Stealth+, EV+, Speed+++)))
Your lower body shifts to a powerful aquatic tail in water.


Message History

The adder is moderately wounded.
The adder closely misses you. The adder bites you.
You are poisoned.
The adder poisons you!
You feel sick. The adder attacks as you move away!
The adder bites you but does no damage.
You feel sick.
You hit the adder.
The adder is severely wounded.
You feel sick. The adder misses you. The adder barely misses you.
You miss the adder.
The adder is heavily wounded.
You feel sick. The adder bites you.
You closely miss the adder.
The adder is heavily wounded.
You feel sick.
You are no longer poisoned.
The adder closely misses you. The adder bites you but does no damage.
You closely miss the adder.
The adder is heavily wounded.
The adder closely misses you.
You slash the adder!
You kill the adder!
Your Long Blades skill increases to level 4!
You hit the iguana.
The iguana is lightly wounded.
The iguana bites you.
You are too injured to fight recklessly!
You hit the iguana.
The iguana is lightly wounded.
The iguana barely misses you.
You hit the iguana but do no damage.
The iguana is lightly wounded.
The iguana barely misses you.
You hit the iguana.
The iguana is heavily wounded.
The iguana bites you!
Ouch! That really hurt!
You die...

########.##.......
#............#
#............#
#?...........#
#............#####
#..................
#..................
...)...###l#.......
###### #@#.......
........#.......
.########......!
....... ####


You could see an iguana.

Vanquished Creatures
  2 adders (D:3)
  A jackal (D:3)
  A kobold (D:3)
4 creatures vanquished.

Notes
Turn   | Place    | Note
-------+----------+-------------------------------------------
     0 | D:5      | comborobin the Merfolk Delver began the quest for the Orb.
     0 | D:5      | Reached XP level 1. HP: 18/18 MP: 1/1
    28 | D:4      | Noticed an orc wizard
    91 | D:3      | Reached XP level 2. HP: 21/24 MP: 2/2
   290 | D:3      | Slain by an iguana

Illustrated notes

Levels and vault maps discovered:
D:3:      kennysheep_big_flooded_room, layout_basic,
          chequers_temple_overflow_statue_of_worship, hangedman_decor_growths,
          uniq_crazy_yiuf_cottage
D:4:      cheibrodos_barr_body, layout_layer_cave, nicolae_uskayaw_suspiria,
          enter_ossuary_1
D:5:      layout_cave_pods, elyvilon_altar_5, dk_rats_in_the_wall, uniq_grinder,
          uniq_eustachio

Skill      XL: |  1  2 |
---------------+-------+-----
Long Blades    | 3 4 |  4.0
Fighting       | |  3.2
Dodging        | |  2.6
Stealth        | |  5.4

Action                     || total
---------------------------++-------
  Melee: Falchion          ||    22
  Evoke: Wand              ||     1
    Use: Potion            ||     3
         Scroll            ||     2
   Stab: Sleeping          ||     1
 Armour: Leather armour    ||     9
  Dodge: Dodged            ||    20
